 Dungeon Crawl Stone Soup version 0.20-a0-522-g0b37eee (webtiles) character file.

27 Lahna the Sneak (level 2, 0/13 HPs)
             Began as a Spriggan Enchanter on Jan 26, 2017.
             Slain by a hobgoblin
             ... wielding a +0 club
              (2 damage)
             ... on level 2 of the Dungeon.
             The game lasted 00:02:38 (1107 turns).

Lahna the Sneak (Spriggan Enchanter)                Turns: 1107, Time: 00:02:39

Health: 0/13       AC:  2    Str:  4    XL:     2   Next: 93%
Magic:  3/7        EV: 18    Int: 16    God:
Gold:   55         SH:  0    Dex: 16    Spells: 4/7 levels left

rFire    . . .     SeeInvis +   a - +1 dagger
rCold    . . .     Gourm    .   b - +0 robe
rNeg     . . .     Faith    .   (shield restricted)
rPois    .         Spirit   .   (helmet restricted)
rElec    .         Reflect  .   (no cloak)
rCorr    .         Harm     .   (gloves unavailable)
MR       .....                  (boots unavailable)
Stlth    +++.......             (no amulet)
Regen    0.1/turn               (no ring)
                                (no ring)

@: very quick
A: unfitting armour, see invisible, herbivore 3, speed 3, slow metabolism 2
a: no special abilities


You were on level 2 of the Dungeon.
You were not hungry.

You visited 1 branch of the dungeon, and saw 2 of its levels.

You collected 55 gold pieces.

Inventory:

Hand Weapons
 a - a +1 dagger (weapon)
Armour
 b - a +0 robe (worn)
Jewellery
 i - a +5 ring of dexterity {unknown}
Scrolls
 e - a scroll of magic mapping {unknown}
 l - a scroll of identify {unknown}
 n - a scroll of remove curse {unknown}
Potions
 g - a potion of magic {unknown}
 h - 2 potions of curing {unknown}
 j - 2 potions of might {unknown}
 k - a potion of brilliance {unknown}
 m - a potion of degeneration {unknown}
Books
 c - a book of Maledictions

   Spells                             Type                      Level
   a - Corona                         Hexes                        1
   b - Ensorcelled Hibernation        Hexes/Ice                    2
   c - Confuse                        Hexes                        3
   d - Tukima's Dance                 Hexes                        3
   e - Dazzling Spray                 Conjuration/Hexes            3
Comestibles
 d - 3 bread rations
 f - 2 royal jellies


   Skills:
 + Level 1.8 Short Blades
 - Level 3.0 Dodging
 + Level 4.8 Stealth
 + Level 3.3 Spellcasting
 + Level 3.9 Hexes


You had 4 spell levels left.
You knew the following spells:

 Your Spells              Type           Power        Failure   Level  Hunger
a - Corona                Hex            ###....      4%          1    None
b - Ensorcelled Hibernat  Hex/Ice        #.....       14%         2    ##.....


Dungeon Overview and Level Annotations

Branches:
Dungeon (2/15)

Altars:


Innate Abilities, Weirdness & Mutations

You are very small and have problems with some larger weapons.
You are too small for most types of armour.
You have supernaturally acute eyesight. (SInv)
You are a herbivore.
You cover ground extremely quickly.
You need consume almost no food.


Message History

Aiming: Ensorcelled Hibernation
Press: ? - help, Shift-Dir - straight line, f - hobgoblin
Aim: a hobgoblin, wielding a club (almost dead, chance to defeat MR: 58%)
The hobgoblin resists with significant effort.
Casting: Ensorcelled Hibernation
Confirm with . or Enter, or press ? or * to list all spells.
Aiming: Ensorcelled Hibernation
Press: ? - help, Shift-Dir - straight line, f/p - hobgoblin
Aim: a hobgoblin, wielding a club (almost dead, chance to defeat MR: 58%)
The hobgoblin looks drowsy...
The hobgoblin misses you.
You hit the hobgoblin but do no damage.
The hobgoblin is almost dead.
The hobgoblin misses you.
You completely miss the hobgoblin.
The hobgoblin is almost dead.
You hit the hobgoblin but do no damage.
The hobgoblin is almost dead.
The hobgoblin hits you with a club.
You die...

.......#####.#
.........#...
##..####.#.# #...#
###.# #. ##'## #.
##...## #.## ##..g..##
####..## ##...@...##
##>.....####.........#
...........'.........+
##.##....###.........#
#.###.#.# ##.......##
#.#.....# ##.....##
#.#.#.### ##...##
#.#.#.# ##+## #.#.#.#


You could see a hobgoblin.

Vanquished Creatures
  3 dart slugs (D:1)
  5 goblins
  A hobgoblin (D:1)
  2 jackals (D:2)
  8 bats
  A kobold (D:1)
  2 rats (D:2)
22 creatures vanquished.

Vanquished Creatures (others)
  A bat (D:1)
1 creature vanquished.

Grand Total: 23 creatures vanquished

Notes
Turn   | Place    | Note
-------+----------+-------------------------------------------
     0 | D:1      | Lahna the Spriggan Enchanter began the quest for the Orb.
     0 | D:1      | Reached XP level 1. HP: 9/9 MP: 5/5
   251 | D:1      | Reached XP level 2. HP: 6/13 MP: 6/6
   674 | D:1      | Learned a level 2 spell: Ensorcelled Hibernation
  1107 | D:2      | Slain by a hobgoblin

Vault maps used:
D:1:      minmay_arrival_arboretum_small
D:2:      minmay_rat_gold_closets

Skill      XL: |  1  2 |
---------------+-------+-----
Spellcasting   | 3 |  3.3
Short Blades   | |  1.8
Dodging        | |  3.0
Stealth        | |  4.8
Hexes          | |  3.9

Action                   || total
-------------------------++-------
Melee: Dagger            ||   117
 Cast: Corona            ||     6
       Ensorcelled Hiber ||     6
 Stab: Sleeping          ||    10
       Distracted        ||     1
Armor: Robe              ||    18
Dodge: Dodged            ||   100
